 Dungeon Crawl Stone Soup version 0.30-a0-279-g4b46babb21 (webtiles) character file.

Game seed: 14272864611652367384

65 koil the Sneak (level 3, -2/17 HPs)
             Began as a Spriggan Enchanter on Oct 17, 2022.
             Slain by an orc
             ... wielding a +0 hand axe
              (5 damage)
             ... on level 3 of the Dungeon.
             The game lasted 00:04:38 (1338 turns).

koil the Sneak (Spriggan Enchanter)                 Turns: 1338, Time: 00:04:39

Health: -2/17      AC:  2    Str:  4    XL:     3   Next: 94%
Magic:  8/8        EV: 22    Int: 16    God:
Gold:   40         SH:  0    Dex: 17    Spells: 6/8 levels left

rFire   . . .      SeeInvis +    a - +1 dagger
rCold   . . .      Faith    .    (no shield)
rNeg    . . .      Spirit   .    b - +0 robe
rPois   .          Reflect  .    (helmet restricted)
rElec   .          Harm     .    (no cloak)
rCorr   .          Rampage  .    (gloves unavailable)
Will    .....                    (boots unavailable)
Stlth   +.........               (no amulet)
HPRegen 0.22/turn                j - +4 ring of evasion
MPRegen 0.11/turn                (no ring)

@: confused, very quick
A: very small, no large weapons, unfitting armour, see invisible, speed 3
a: no special abilities


You were on level 3 of the Dungeon.
You visited 1 branch of the dungeon, and saw 3 of its levels.

You collected 40 gold pieces.

Inventory:

Hand Weapons
 a - a +1 dagger (weapon)
Armour
 b - a +0 robe (worn)
Magical Staves
 k - a staff of fire
Jewellery
 j - a +4 ring of evasion (left hand)
Scrolls
 f - 2 scrolls of identify {unknown}
 h - 4 scrolls of teleportation {unknown}
 n - a scroll of vulnerability {unknown}
 o - a scroll of fear {unknown}
Potions
 c - 2 potions of invisibility
 d - 4 potions of curing {unknown}
 e - 2 potions of haste {unknown}
 g - a potion of attraction {unknown}
 i - a potion of brilliance {unknown}
 l - a potion of magic {unknown}
 m - a potion of ambrosia {unknown}


   Skills:
 + Level 0.9 Fighting
 + Level 1.8 Short Blades
 + Level 3.4 Dodging
 + Level 5.0 Stealth
 + Level 3.3 Spellcasting
 + Level 4.1 Hexes


You had 6 spell levels left.
You knew the following spells:

 Your Spells              Type           Power      Damage    Failure   Level
a - Ensorcelled Hibernat  Hex/Ice        18%        N/A       12%         2

Your spell library contained the following spells:

 Spells                   Type           Power      Damage    Failure   Level
 Confusing Touch          Hex            15%        N/A       10%         3
 Tukima's Dance           Hex            15%        N/A       10%         3
 Dazzling Flash           Conj/Hex       18%        N/A       24%         3
 Gell's Gravitas          Tloc           2%         N/A       47%         3
 Lesser Beckoning         Tloc           4%         N/A       47%         3
 Teleport Other           Tloc           2%         N/A       47%         3


Dungeon Overview and Level Annotations

Branches:
Dungeon (3/15)

Altars:


Innate Abilities, Weirdness & Mutations

You are very small and have problems with some larger weapons.
You are too small for most types of armour.
You have supernaturally acute eyesight. (SInv)
You cover ground extremely quickly. (Speed+++)


Message History

There is an escape hatch in the ceiling here.
There is an escape hatch in the floor here.
You slide downwards.
The hatch slams shut behind you.
Found a scroll labelled ZOKEQA GIRPHEIGH.
An orc comes into view. It is wielding a +0 dagger.
You see here a scroll labelled ZOKEQA GIRPHEIGH.
An orc wizard comes into view. It is wielding a +0 dagger.
An orc comes into view. It is wielding a +0 hand axe.
The orc shouts!
The orc shouts!
The orc wizard shouts!
You hear a shout!
You hit the orc wizard.
The orc wizard is lightly wounded.
An orc comes into view. It is wielding a +0 trident.
You hit the orc wizard.
The orc wizard is moderately wounded.
You hit the orc wizard.
The orc wizard is heavily wounded.
You barely miss the orc wizard.
The orc wizard is heavily wounded.
The orc wizard casts a spell at you. The magic dart hits you.
You hit the orc wizard.
The orc wizard is severely wounded.
The orc wizard closely misses you. The orc closely misses you.
You hit the orc wizard.
The orc wizard is severely wounded.
The orc wizard misses you. The orc misses you.
You barely miss the orc wizard.
The orc wizard is severely wounded.
The orc wizard gestures at you while chanting.
You are confused.
The orc hits you from afar with a +0 trident!
* * * LOW HITPOINT WARNING * * *
The orc completely misses you.
You're too confused to move!
The orc wizard completely misses you. The orc completely misses you. x2
The orc wizard hits you with a +0 dagger.
* * * LOW HITPOINT WARNING * * *
You bump into the rock wall.
The orc hits you with a +0 hand axe.
You die...

#### ...
######o####..
#########...o.o......
#.....?.....@o#
..........#########
......##### #.##### #


You could see an orc wizard and 3 orcs.

Vanquished Creatures
  3 adders (D:2)
  3 dart slugs
  2 ball pythons (D:1)
  3 endoplasms (D:1)
  4 giant cockroaches (D:1)
  2 goblins (D:1)
  3 hobgoblins
  2 quokkas (D:1)
  5 bats (D:1)
  A frilled lizard (D:1)
  2 kobolds
  3 rats
33 creatures vanquished.

Notes
Turn   | Place    | Note
-------+----------+-------------------------------------------
     0 | D:1      | koil the Spriggan Enchanter began the quest for the Orb.
     0 | D:1      | Reached XP level 1. HP: 9/9 MP: 5/5
   171 | D:1      | Reached XP level 2. HP: 9/13 MP: 6/6
   174 | D:1      | Learned a level 2 spell: Ensorcelled Hibernation
   699 | D:1      | Reached XP level 3. HP: 17/17 MP: 8/8
  1151 | D:2      | Reached skill level 5 in Stealth
  1338 | D:3      | Slain by an orc

Illustrated notes

Levels and vault maps discovered:
D:1:      shiori_arrival_elements, layout_loops_ring, nicolae_eternal_life,
          kennysheep_pointless_box, kennysheep_another_room
D:2:      minmay_spotlight, layout_basic
D:3:      layout_rooms, corexii_hall_statues_l, minmay_door_square,
          hangedman_decor_lopped, minmay_goblin_kobold_house, uniq_natasha,
          uniq_jessica, uniq_grinder

Skill      XL: |  1  2  3 |
---------------+----------+-----
Dodging        | 3 |  3.4
Spellcasting   | 3 |  3.3
Hexes          | 4 |  4.1
Stealth        | 5 |  5.0
Fighting       | |  0.9
Short Blades   | |  1.8

Action                   || total
-------------------------++-------
Melee: Dagger            ||   111
       Punch             ||     1
 Cast: Ensorcelled Hiber ||     4
 Stab: Sleeping          ||    14
Armor: Robe              ||    10
Dodge: Dodged            ||    73

Table legend: (Time is in decaauts)
 A = Elapsed time spent in this place.
 B = Non-inter-level travel time spent in this place.
 C = Inter-level travel time spent in this place.
 D = Time resting spent in this place.
 E = Time spent auto-exploring this place.
 F = Levels seen in this place.
 G = Mean time per level.
                   A        B        C        D        E       F      G
               +--------+--------+--------+--------+--------+-----+--------+
         Total |    940 |    930 |     10 |    115 |    580 |   3 |  313.3 |
       Dungeon |    940 |    930 |     10 |    115 |    580 |   3 |  313.3 |
               +--------+--------+--------+--------+--------+-----+--------+

Top non-repeatable levels by time:
     D:1: 748 daAuts
     D:2: 175 daAuts
     D:3: 15 daAuts
